 Dungeon Crawl Stone Soup version 0.29.1-2-gbd0b4ee654 (webtiles) character file.

Game seed: 7943893587337612978

414 GorkyZ the Trooper (level 7, -3/53 HPs)
             Began as a Formicid Gladiator on Nov 23, 2022.
             Slain by a two-headed ogre
             ... wielding a +0 giant club
              (27 damage)
             ... on level 4 of the Dungeon.
             The game lasted 00:09:02 (3685 turns).

GorkyZ the Trooper (Formicid Gladiator)             Turns: 3685, Time: 00:09:02

Health: -3/53      AC:  7    Str: 20    XL:     7   Next: 14%
Magic:  7/7        EV: 12    Int: 10    God:
Gold:   99         SH:  0    Dex: 18    Spells: 6/6 levels left

rFire   . . .      SeeInvis +   q - +2 hand axe (venom)
rCold   . . .      Faith    .   (no shield)
rNeg    . . .      Spirit   .   l - +2 ring mail "Siudoc" {Int+2 Dex+3}
rPois   .          Reflect  .   (helmet unavailable)
rElec   .          Harm     .   (no cloak)
rCorr   .          Rampage  .   (no gloves)
Will    .....                   (no boots)
Stlth   +.........              (no amulet)
HPRegen 0.17/turn               (no ring)
MPRegen 0.10/turn               (no ring)

@: no status effects
A: permanent stasis, dig shafts and tunnels, antennae 3, four strong arms
a: Dig, Shaft Self


You were on level 4 of the Dungeon.
You visited 1 branch of the dungeon, and saw 6 of its levels.

You collected 99 gold pieces.

Inventory:

Hand Weapons
 a - a +0 quarterstaff
 f - a +2 short sword of venom
 q - a +2 hand axe of venom (weapon)
Missiles
 c - 3 throwing nets (quivered)
 d - 9 javelins
 n - 10 poisoned darts
Armour
 b - a +0 leather armour
 k - a +0 plate armour
 l - the +2 ring mail "Siudoc" (worn) {Int+2 Dex+3}
   (You found it on level 2 of the Dungeon)

   Int:       It affects your intelligence (+2).
   Dex:       It affects your dexterity (+3).
Jewellery
 p - a ring of protection from fire
Wands
 o - a wand of charming (7)
Scrolls
 g - 4 scrolls of vulnerability {unknown}
 h - 4 scrolls of identify {unknown}
 j - a scroll of butterflies {unknown}
Potions
 e - 2 potions of curing {unknown}
 i - a potion of mutation {unknown}
 m - a potion of resistance {unknown}
 r - 2 potions of flight {unknown}
 s - a potion of lignification {unknown}
 t - a potion of degeneration {unknown}


   Skills:
 + Level 3.8 Fighting
 + Level 2.4 Axes
 - Level 3.0 Staves
 + Level 3.3 Throwing
 + Level 2.7 Armour
 + Level 3.6 Dodging
 + Level 3.3 Shields


You had 6 spell levels left.
You didn't know any spells.
Your spell library contained the following spells:

 Spells                   Type           Power      Damage    Failure   Level
 Summon Small Mammal      Summ           0%         N/A       54%         1
 Call Canine Familiar     Summ           0%         N/A       88%         3
 Confusing Touch          Hex            0%         N/A       88%         3
 Summon Guardian Golem    Hex/Summ       0%         N/A       88%         3
 Yara's Violent Unravell  Hex/Tmut       0%         3d3       100%        5
 Enfeeble                 Hex            0%         N/A       100%        7


Dungeon Overview and Level Annotations

Branches:
Dungeon (6/15)
 Temple: D:4-7

Altars:
Ru
Vehumet


Innate Abilities, Weirdness & Mutations

You cannot be hasted, slowed, berserked, paralysed or teleported.
You can dig through walls and to a lower floor.
You have a pair of large antennae on your head. (SInv)
Your four strong arms can wield two-handed weapons with a shield.


Message History

There is a stone staircase leading down here.
You climb downwards.
There is a stone staircase leading up here.
You sense a monster nearby.
There is a stone staircase leading up here.
You open the door.
A goblin comes into view. It is wielding a +0 dagger.
The goblin shouts!
You hear two shouts!
A giant cockroach comes into view.
Found a scale mail.
A two-headed ogre comes into view.
It is wielding a +0 giant club and a +0 giant spiked club.
The two-headed ogre shouts in stereo!
There is an open door here.
You barely miss the giant cockroach. The giant cockroach barely misses you.
The giant cockroach bites you.
You hit the giant cockroach.
You kill the giant cockroach!
You closely miss the goblin. The goblin barely misses you.
You closely miss the goblin. The goblin misses you.
You slash the goblin!
You kill the goblin!
The two-headed ogre hits you with a +0 giant club!!
Ouch! That really hurt!
The two-headed ogre closely misses you.
You are too injured to fight recklessly!
You are too injured to fight recklessly!
You are too injured to fight recklessly!
You hit the two-headed ogre.
The two-headed ogre is poisoned.
The two-headed ogre is lightly wounded.
You hit the two-headed ogre.
The two-headed ogre looks as sick as possible!
The two-headed ogre is lightly wounded.
The two-headed ogre hits you with a +0 giant club.
The two-headed ogre barely misses you.
The two-headed ogre attacks as you move away!
The two-headed ogre barely misses you. x2
The two-headed ogre attacks as you move away!
The two-headed ogre hits you with a +0 giant club!!
Ouch! That really hurt!
You die...

.###.## .##...########
#### ....#........#
#..# ###...######.#
#..# ##.## #.# #..# #.#
#.# ######..# #.# ##.##
#<...<..#
#.######.>.###O##..#.#{
#............@.###'###
#######...#####..)...#
#..## #........# #...
#...§§§..# ####
#..≈≈§≈..# #..≈≈§≈..#
#...≈≈.[.# #........#


You could see a two-headed ogre (very poisoned).

Vanquished Creatures
  A phantom (D:5)
  Blork the orc (D:5)
  A hound (D:5)
  A jelly (D:5)
  2 iguanas (D:5)
  7 adders
  A worm (D:2)
  2 dart slugs (D:2)
  8 orcs
  8 bats
  9 endoplasms
  4 giant cockroaches
  4 goblins
  7 hobgoblins
  6 jackals (D:5)
  2 quokkas
  5 ball pythons
  5 frilled lizards
  5 kobolds
  6 rats
85 creatures vanquished.

Notes
Turn   | Place    | Note
-------+----------+-------------------------------------------
     0 | D:1      | GorkyZ the Formicid Gladiator began the quest for the Orb.
     0 | D:1      | Reached XP level 1. HP: 16/16 MP: 1/1
    52 | D:1      | Reached XP level 2. HP: 20/22 MP: 2/2
    93 | D:1      | Reached skill level 1 in Shields
   477 | D:1      | Found a faded altar of an unknown god.
   593 | D:1      | Reached XP level 3. HP: 28/28 MP: 3/3
   685 | D:2      | Reached skill level 1 in Axes
   844 | D:2      | Identified the +2 ring mail "Siudoc" {Int+2 Dex+3}
  1051 | D:2      | Reached skill level 1 in Armour
  1438 | D:2      | Reached XP level 4. HP: 32/34 MP: 4/4
  2212 | D:3      | You fall into a shaft and drop 3 floors!
  2234 | D:5      | Entered Level 5 of the Dungeon
  2246 | D:5      | Reached XP level 5. HP: 18/41 MP: 5/5
  2429 | D:5      | Noticed a phantom
  2449 | D:5      | Killed a phantom
  2450 | D:5      | Reached XP level 6. HP: 31/47 MP: 6/6
  2583 | D:5      | Found a radiant altar of Vehumet.
  2759 | D:5      | Noticed Blork the orc
  2778 | D:5      | Killed Blork the orc
  2779 | D:5      | Reached XP level 7. HP: 19/53 MP: 7/7
  2995 | D:4      | Found a sacrificial altar of Ru.
  3672 | D:4      | Noticed a two-headed ogre
  3685 | D:4      | Slain by a two-headed ogre

Illustrated notes

Levels and vault maps discovered:
D:1:      dpeg_arrival_pits, layout_basic, ebering_ecumenical_altar_box
D:2:      layout_loops_corners, minmay_pentomino_t4
D:3:      layout_loops_ring
D:4:      layout_loops_ring, mainiacjoe_overflow_concentric_impassable,
          kennysheep_another_room, small_statue_intersection
D:5:      layout_loops_ring, amcnicky_altar_gilded, nicolae_vehumet_altar_sigil,
          minmay_temple_entry_statues_pillars,
          minmay_fractal_squares_diagonal_5, uniq_sigmund, uniq_blork_the_orc
D:6:      layout_gridville, nicolae_overflow_hidden_temple,
          guppyfry_early_elven_hall

Skill      XL: |  1  2  3  4  5  6 |
---------------+-------------------+-----
Shields        | 1 2 3 |  3.3
Axes           | 1 2 |  2.4
Armour         | 1 2 |  2.7
Dodging        | 3 |  3.6
Fighting       | 3 |  3.8
Throwing       | 3 |  3.3
Staves         | |  3.0

Action                   |  1- 3 |  4- 6 |  7- 9 || total
-------------------------+-------+-------+-------++-------
Melee: Quarterstaff      |    19 |       |       ||    19
       Short sword       |    60 |   120 |    12 ||   192
       Punch             |     1 |     1 |       ||     2
       Hand axe          |       |       |    29 ||    29
 Stab: Sleeping          |     2 |       |       ||     2
Armor: Leather armour    |    10 |       |       ||    10
       Ring mail         |     7 |    43 |     7 ||    57
Dodge: Dodged            |    58 |    78 |    28 ||   164
